 Dungeon Crawl Stone Soup version 0.27.0-1-g7a089689b8 (webtiles) character file.

Game seed: 2096408788700551908

21 EnegeticOcto the Shield-Bearer (level 2, 0/27 HPs)
             Began as a Minotaur Fighter on Aug 5, 2021.
             Succumbed to a goblin's poison
             ... on level 1 of the Dungeon.
             The game lasted 00:00:26 (761 turns).

EnegeticOcto the Shield-Bearer (Minotaur Fighter)    Turns: 761, Time: 00:00:27

Health: 0/27       AC: 10    Str: 20    XL:     2   Next: 62%
Magic:  1/1        EV:  5    Int:  5    God:
Gold:   43         SH:  9    Dex: 12    Spells: 1/1 levels left

rFire    . . .     SeeInvis .   a - +0 war axe
rCold    . . .     Faith    .   c - +0 kite shield
rNeg     . . .     Spirit   .   i - +0 chain mail
rPois    .         Reflect  .   (helmet restricted)
rElec    .         Harm     .   (no cloak)
rCorr    .         Rampage  .   g - +0 pair of gloves {Dex+3}
Will     .....                  (no boots)
Stlth    ..........             (no amulet)
HPRegen  0.09/turn              (no ring)
MPRegen  0.07/turn              (no ring)

@: lethally poisoned (0 -> -3), attractive, hasted, very quick
A: horns 2, retaliatory headbutt
a: no special abilities


You were on level 1 of the Dungeon.
You visited 1 branch of the dungeon, and saw 1 of its levels.

You collected 43 gold pieces.

Inventory:

Hand Weapons
 a - a +0 war axe (weapon)
Armour
 b - a +0 scale mail
 c - a +0 kite shield (worn)
 g - a +0 pair of gloves of dexterity (worn)
 i - a +0 chain mail (worn)
Scrolls
 f - a scroll of immolation {unknown}
 h - a scroll of enchant weapon {unknown}
Potions
 d - a potion of might {@q3}


   Skills:
 + Level 3.9 Fighting
 * Level 3.1 Axes
 + Level 3.9 Armour
 + Level 3.9 Shields


You had one spell level left.
You didn't know any spells.
Your spell library was empty.

Dungeon Overview and Level Annotations

Branches:
Dungeon (1/15)

Altars:


Innate Abilities, Weirdness & Mutations

You have a pair of horns on your head.
You reflexively headbutt those who attack you in melee.


Message History

You kill the jackal!
You block the jackal's attack.
You barely miss the jackal. Your headbutt misses the jackal.
You block the jackal's attack. x2
Your shield and chain mail prevent you from hitting the jackal.
The jackal bites you but does no damage. x3
You barely miss the jackal. You headbutt the jackal.
You kill the jackal!
No target in view!
No target in view!
No target in view!
No target in view!
A quokka comes into view.
A quokka is nearby!
A quokka is nearby!
A quokka is nearby!
A quokka is nearby!
You barely miss the quokka.
The quokka bites you but does no damage.
You closely miss the quokka.
The quokka bites you but does no damage.
The quokka barely misses you. You furiously retaliate!
You headbutt the quokka, but do no damage.
You closely miss the quokka. You headbutt the quokka.
You kill the quokka!
No target in view!
No target in view!
No target in view!
No target in view!
No target in view!
No target in view!
No target in view!
You see here a quokka corpse.
A rat comes into view.
A rat is nearby!
A rat is nearby!
A rat is nearby!
A rat is nearby!
You slash the rat!
You kill the rat!
No target in view!
No target in view!
No target in view!
No target in view!
No target in view!
No target in view!
No target in view!
You open the door.
There is an open door here.
Found 15 stones.
There is an open door here.
You see here a ball python skeleton.
A goblin comes into view. It is wielding a +0 dagger of venom.
The goblin shouts!
A goblin is nearby!
A goblin is nearby!
A goblin is nearby!
The goblin hits you but does no damage.
You are poisoned.
Found a faded altar of an unknown god.
You see here 15 gold pieces.
You closely miss the goblin.
You feel sick. The goblin hits you but does no damage.
You are more poisoned.
The goblin hits you but does no damage.
You are lethally poisoned!
You hit the goblin but do no damage. You headbutt the goblin.
You kill the goblin!
You feel extremely sick.
No target in view!
No target in view!
No target in view!
No target in view!
No target in view!
No target in view!
There is a lethal amount of poison in your body!
There is a lethal amount of poison in your body!
There is a lethal amount of poison in your body!
There is a lethal amount of poison in your body!
No target in view!
You feel very sick.
You feel very sick.
* * * LOW HITPOINT WARNING * * *
You feel sick.
* * * LOW HITPOINT WARNING * * *
You feel sick.
* * * LOW HITPOINT WARNING * * *
You feel sick.
It was a potion of attraction.
You feel attractive to monsters.
* * * LOW HITPOINT WARNING * * *
You feel sick.
It was a potion of haste.
You feel yourself speed up.
* * * LOW HITPOINT WARNING * * *
You feel sick.
There is a lethal amount of poison in your body!
There is a lethal amount of poison in your body!
There is a lethal amount of poison in your body!
There is a lethal amount of poison in your body!
You die...

.. #.. #.## ##.
#.)# ## #.$# #
......#.# # .....
#.# # .... #.# #
... #.# # #_ #@# #
. #.# #
#.################
.....
#.................
..P.
#########..).....#
P P..
..........##...#)
P. PP
########.##.(...#
... P## #.#......#
#.. ##.#
#.##..)...


There were no monsters in sight!

Vanquished Creatures
  An endoplasm (D:1)
  A giant cockroach (D:1)
  3 goblins (D:1)
  2 hobgoblins (D:1)
  2 jackals (D:1)
  A quokka (D:1)
  A ball python (D:1)
  A bat (D:1)
  2 frilled lizards (D:1)
  2 kobolds (D:1)
  3 rats (D:1)
19 creatures vanquished.

Vanquished Creatures (others)
  2 plants (D:1)
2 creatures vanquished.

Grand Total: 21 creatures vanquished

Notes
Turn   | Place    | Note
-------+----------+-------------------------------------------
     0 | D:1      | EnegeticOcto the Minotaur Fighter began the quest for the
                  | Orb.
     0 | D:1      | Reached XP level 1. HP: 19/19 MP: 0/0
   204 | D:1      | Reached XP level 2. HP: 26/27 MP: 1/1
   751 | D:1      | Found a faded altar of an unknown god.
   760 | D:1      | HP: 1/27 [poisoned by a goblin]
   761 | D:1      | Succumbed to a goblin's poison

Illustrated notes

Levels and vault maps discovered:
D:1:      evilmike_arrival_rings, layout_loops_cross,
          shapermc_ecumenical_altar_gd

Skill      XL: |  1  2 |
---------------+-------+-----
Axes           | 3 |  3.1
Fighting       | |  3.9
Armour         | |  3.9
Shields        | |  3.9

Action                   || total
-------------------------++-------
Melee: War axe           ||    36
       Headbutt          ||     9
  Use: Potion            ||     2
Armor: Scale mail        ||    11
       Chain mail        ||     8
Dodge: Dodged            ||     7
Block: Kite shield       ||    18
